 Dungeon Crawl Stone Soup version 0.18.1-47-g9310371 (webtiles) character file.

109 MajorDooMGuYX the Chucker (level 4, -2/38 HPs)
             Began as a Minotaur Hunter on June 19, 2016.
             Slain by a gnoll
             ... wielding a +0 flail
              (3 damage)
             ... while paralysed
             ... on level 3 of the Dungeon.
             The game lasted 00:17:48 (2984 turns).

MajorDooMGuYX the Chucker (Minotaur Hunter)         Turns: 2984, Time: 00:17:48

Health: -2/38      AC:  8    Str: 16    XL:     4   Next: 60%
Magic:  3/3        EV:  2    Int:  8    God:
Gold:   78         SH:  0    Dex: 12    Spells: 0 memorised, 3 levels left

rFire  . . .     SeeInvis .     f - +0 hand axe {stone}
rCold  . . .     Gourm    .     n - +0 chain mail (curse)
rNeg   . . .     Faith    .     (no shield)
rPois  .         Spirit   .     (helmet restricted)
rElec  .         Dismiss  +     (no cloak)
rCorr  .         Reflect  .     (no gloves)
SustAt +         Harm     .     (no boots)
MR     .....                    g - amulet of dismissal
Stlth  ..........               (no ring)
                                k - ring of sustain attributes

@: paralysed, flying, fainting, not resistant to hostile enchantments, extremely
unstealthy
A: retaliatory headbutt, horns 2
a: no special abilities


You were on level 3 of the Dungeon.
You were fainting.

You visited 1 branch of the dungeon, and saw 3 of its levels.

You collected 78 gold pieces.

Inventory:

Hand Weapons
 a - a +0 short sword
 f - a +0 hand axe (weapon) {stone}
 h - a +0 club
 i - a +0 dagger
Missiles
 c - 6 javelins (quivered)
 d - 2 throwing nets
Armour
 b - a +0 leather armour
 e - a -2 ring mail
 n - a cursed +0 chain mail (worn)
Jewellery
 g - an amulet of dismissal (around neck)
 k - a ring of sustain attributes (left hand)
Scrolls
 l - a scroll of teleportation
Potions
 j - a potion of flight
 m - a potion of curing {unknown}


   Skills:
 * Level 3.4 Fighting
 + Level 1.0 Axes
 + Level 4.7 Throwing
 * Level 2.3 Armour
 + Level 2.9 Dodging
 - Level 0.7 Stealth


You had 3 spell levels left.
You didn't know any spells.

Dungeon Overview and Level Annotations

Branches:
Dungeon (3/15)

Altars:


Innate Abilities, Weirdness & Mutations

You reflexively headbutt those who attack you in melee.
You have a pair of horns on your head.


Message History

You closely miss the gnoll. Your headbutt misses the gnoll.
You miss the hungry ghost. The hungry ghost hits you.
You are fainting from starvation!
The gnoll hits you.
Found a beef jerky.
You closely miss the gnoll. Your headbutt misses the gnoll.
Your chain mail prevents you from hitting the gnoll.
The gnoll hits you with a flail.
* * * LOW HITPOINT WARNING * * *
You lose consciousness!
The hungry ghost hits you.
You feel slightly more hungry. The gnoll hits you with a flail!
* * * LOW HITPOINT WARNING * * *
The gnoll hits you.
* * * LOW HITPOINT WARNING * * *
Your amulet of dismissal vibrates suddenly!
The gnoll disappears!
The gnoll hits you but does no damage. The hungry ghost hits you.
You feel slightly more hungry. The gnoll hits you with a flail.
You die...

###...... .....
........##..###.#
.........<......#
######...#######
... +.........
.#####.##...#####
......%.##..#
.......g....#
.......@W...#
........g..[.#
..........%#.#
...........#.#
...........+..
...........#.##
######......
######..


You could see a hungry ghost and 2 gnolls.

Vanquished Creatures
  A gnoll (D:2)
  4 adders (D:2)
  An ooze (D:2)
  A worm (D:2)
  2 dart slugs
  2 giant geckos
  A ball python (D:2)
  4 bats
  2 giant cockroaches
  5 goblins
  10 hobgoblins
  3 jackals (D:1)
  6 kobolds
  A quokka (D:2)
  7 rats
50 creatures vanquished.

Notes
Turn   | Place    | Note
--------------------------------------------------------------
     0 | D:1      | MajorDooMGuYX the Minotaur Hunter began the quest for the Orb.
     0 | D:1      | Reached XP level 1. HP: 18/18 MP: 0/0
   140 | D:1      | Reached XP level 2. HP: 8/25 MP: 1/1
   649 | D:1      | Reached XP level 3. HP: 30/30 MP: 2/2
  1528 | D:2      | Reached skill level 1 in Armour
  2366 | D:2      | Reached XP level 4. HP: 32/38 MP: 3/3
  2914 | D:3      | Noticed a hungry ghost
  2939 | D:2      | Reached skill level 1 in Axes
  2982 | D:3      | Paralysed by fainting for 7 turns
  2983 | D:3      | HP: 1/38 [gnoll (1)]
  2984 | D:3      | Slain by a gnoll

Skill      XL: |  1  2  3  4 |
---------------+-------------+-----
Armour         | 1 2 |  2.3
Fighting       | 3 |  3.4
Axes           | 1 |  1.0
Throwing       | |  4.7
Dodging        | |  2.9
Stealth        | |  0.7

Action                   |  1- 3 |  4- 6 || total
-------------------------+-------+-------++-------
Melee: Short sword       |     6 |       ||     6
       Hand axe          |    96 |    36 ||   132
       Headbutt          |     9 |    10 ||    19
  Use: Scroll            |     5 |       ||     5
       Potion            |       |     1 ||     1
  Eat: Bread ration      |     1 |       ||     1
Armor: Ring mail         |    51 |       ||    51
       Chain mail        |    12 |    38 ||    50
Dodge: Dodged            |    81 |    17 ||    98
